 Dungeon Crawl Stone Soup version 0.30-a0-263-ge22c4ad894 (webtiles) character file.

Game seed: 4985817606326639300

56 sscrono2 the Sneak (level 3, -16/26 HPs)
             Began as an Octopode Delver on Oct 13, 2022.
             Demolished by Menkaure (19 damage)
             ... in an ossuary.
             The game lasted 00:03:30 (1022 turns).

sscrono2 the Sneak (Octopode Delver)                Turns: 1022, Time: 00:03:31

Health: -16/26     AC:  1    Str: 13    XL:     3   Next: 95%
Magic:  3/3        EV: 13    Int: 12    God:
Gold:   0          SH:  0    Dex: 13    Spells: 2/2 levels left

rFire   . . .      SeeInvis .      - Unarmed
rCold   . . .      Faith    .    (no shield)
rNeg    . . .      Spirit   .    (helmet restricted)
rPois   .          Reflect  .    (no amulet)
rElec   .          Harm     .    (no ring)
rCorr   .          Rampage  .    (no ring)
Will    .....                    (no ring)
Stlth   ++++......               (no ring)
HPRegen 0.24/turn                (no ring)
MPRegen 0.08/turn                (no ring)
                                 (no ring)
                                 (no ring)

@: marked, hasted, very quick
A: almost no armour, amphibious, 8 rings, camouflage 1, gelatinous body 1,
(nimble swimmer 1), tentacles
a: no special abilities


You were in an ossuary.
You visited 1 branch of the dungeon, and saw 1 of its levels.
You also visited: Ossuary.

Inventory:

Wands
 e - a wand of digging (3)
Scrolls
 a - 2 scrolls of fog
 b - a scroll of amnesia {unknown}
 c - a scroll of fear


   Skills:
 - Level 3.0 Fighting
 - Level 2.0 Dodging
 - Level 6.6 Stealth
 + Level 4.1 Unarmed Combat


You had 2 spell levels left.
You didn't know any spells.
Your spell library was empty.

Dungeon Overview and Level Annotations

Branches:
Dungeon (5/15)            Ossuary (1/1)
 Temple: D:4-7

Altars:

Annotations:
Ossuary Menkaure


Innate Abilities, Weirdness & Mutations

You cannot wear most types of armour.
You are amphibious.
You can wear up to eight rings at the same time.
Your skin changes colour to match your surroundings (Stealth+).
Your rubbery body absorbs attacks. (AC +1, EV +1)
((You are camouflaged when in or above water. (Stealth+)))
You have tentacles for arms and can constrict up to eight enemies at once.


Message History

You tentacle-slap Menkaure. Your grab misses Menkaure.
Menkaure is lightly damaged.
You tentacle-slap Menkaure but do no damage.
You grab Menkaure.
Menkaure is lightly damaged.
You constrict Menkaure, but do no damage.
Menkaure misses you.
You tentacle-slap Menkaure but do no damage.
Menkaure is lightly damaged.
You constrict Menkaure, but do no damage.
Menkaure calls on the powers of darkness!
Your body is wracked with pain!
Unknown command.
You aren't carrying any potions.
Unknown command.
Okay, then.
You tentacle-slap Menkaure.
Menkaure is lightly damaged.
You constrict Menkaure. Menkaure hits you!
* * * LOW HITPOINT WARNING * * *
You tentacle-slap Menkaure. You squeeze Menkaure.
Menkaure is heavily damaged.
You constrict Menkaure. You tentacle-slap Menkaure.
You tentacle-slap Menkaure, but do no damage.
Menkaure is severely damaged.
You constrict Menkaure. Menkaure barely misses you.
You completely miss Menkaure.
Menkaure is severely damaged.
You constrict Menkaure.
Menkaure calls on the powers of darkness!
You feel a surge of unholy energy.
You tentacle-slap Menkaure.
Menkaure is almost destroyed.
You constrict Menkaure, but do no damage.
You tentacle-slap Menkaure but do no damage.
Menkaure is almost destroyed.
You constrict Menkaure. Menkaure hits you!!
Ouch! That really hurt!
You die...

##..##..##..####..##..##..##
##..##.^##..## ##..##..##..##
##.^##..##..## ##..##..##..#
##..##..##..## ##..##.^##..
##..##..##..## ##..##..##.
#..##..##..## ##..##..##
..##..##..## ##..##..#
.##..##..##############' ##..##..
##..##..........@MMZM... ##..##.
#..##########################..##
................................#
#################################
.................................
#################################


You could see Menkaure (fast), 2 mummies and a gnoll zombie.

Vanquished Creatures
  A mummy (Ossuary)
  An adder (D:5)
  5 gnoll skeletons (Ossuary)
  3 goblin skeletons (Ossuary)
  3 goblin zombies (Ossuary)
  5 hobgoblin skeletons (Ossuary)
  5 hobgoblin zombies (Ossuary)
  A kobold skeleton (Ossuary)
  6 kobold zombies (Ossuary)
  4 orc skeletons (Ossuary)
  2 orc zombies (Ossuary)
  7 rat skeletons (Ossuary)
  8 rat zombies (Ossuary)
51 creatures vanquished.

Notes
Turn   | Place    | Note
-------+----------+-------------------------------------------
     0 | D:5      | sscrono2 the Octopode Delver began the quest for the Orb.
     0 | D:5      | Reached XP level 1. HP: 16/16 MP: 1/1
    42 | D:5      | Reached XP level 2. HP: 9/21 MP: 2/2
   108 | D:5      | Noticed an ice beast
   158 | D:5      | Found a sand-covered staircase.
   162 | Ossuary  | Entered an ossuary
   607 | Ossuary  | Reached XP level 3. HP: 26/26 MP: 3/3
  1006 | Ossuary  | Noticed Menkaure
  1022 | Ossuary  | Demolished by Menkaure

Illustrated notes

Levels and vault maps discovered:
D:5:      layout_layer_cave, nicolae_ossuary_entry_plus,
          kennysheep_windowed_goal
Ossuary:  ossuary_due_pyramid

Skill      XL: |  1  2  3 |
---------------+----------+-----
Unarmed Combat | 3 4 |  4.1
Fighting       | |  3.0
Dodging        | |  2.0
Stealth        | |  6.6

Action                   || total
-------------------------++-------
Melee: Unarmed           ||   123
       Constrict         ||    40
       Tentacles         ||    31
       Punch             ||     5
  Use: Scroll            ||     1
       Potion            ||     1
 Stab: Sleeping          ||     4
       Distracted        ||     1
Armor: Skin              ||     6
Dodge: Dodged            ||    49

Table legend: (Time is in decaauts)
 A = Elapsed time spent in this place.
 B = Non-inter-level travel time spent in this place.
 C = Inter-level travel time spent in this place.
 D = Time resting spent in this place.
 E = Time spent auto-exploring this place.
 F = Levels seen in this place.
 G = Mean time per level.
                   A        B        C        D        E       F      G
               +--------+--------+--------+--------+--------+-----+--------+
         Total |   1010 |   1010 |      0 |    153 |    225 |   2 |  505.0 |
       Dungeon |    161 |    161 |      0 |     55 |      0 |   1 |  161.0 |
       Ossuary |    848 |    848 |      0 |     98 |    225 |   1 |  848.0 |
               +--------+--------+--------+--------+--------+-----+--------+

Top non-repeatable levels by time:
 Ossuary: 848 daAuts
     D:5: 161 daAuts
